 Dungeon Crawl Stone Soup version 0.28-a0-724-g66f9036eb4 (webtiles) character file.

Game seed: 9512888982978103508

19 lawman0 the Grasshopper (level 2, -1/34 HPs)
             Began as a Barachi Warper on Oct 26, 2021.
             Succumbed to a kobold's poison
             ... on level 1 of the Dungeon.
             The game lasted 00:01:04 (1772 turns).

lawman0 the Grasshopper (Barachi Warper)            Turns: 1772, Time: 00:01:05

Health: -1/34      AC: 21    Str: 12    XL:     2   Next: 75%
Magic:  5/5        EV:  2    Int: 13    God:
Gold:   53         SH:  0    Dex: 11    Spells: 3/5 levels left

rFire   . . .      SeeInvis .   a - +0 falchion
rCold   . . .      Faith    .   (no shield)
rNeg    . . .      Spirit   .   (armour currently unavailable)
rPois   +          Reflect  .   (helmet currently unavailable)
rElec   .          Harm     .   (cloak currently unavailable)
rCorr   .          Rampage  .   (gloves currently unavailable)
Will    .....      NoTele   +   (boots currently unavailable)
Stlth   +.........              (no amulet)
HPRegen 0.11/turn               (no ring)
MPRegen 0.09/turn               (no ring)

@: lethally poisoned (-1 -> -25), tree-form, unable to hop
A: stationary, stasis, torment immunity, boosted hp, (amphibious), (slowness 1),
(strong legs 1), +LOS
a: no special abilities


You were on level 1 of the Dungeon.
You were a tree.
You visited 1 branch of the dungeon, and saw 1 of its levels.

You collected 53 gold pieces.

Inventory:

Hand Weapons
 a - a +0 falchion (weapon)
Missiles
 d - 5 boomerangs of dispersal
 e - 7 poisoned darts (quivered)
Armour
 b - a +0 leather armour (melded)
Scrolls
 c - a scroll of blinking
 f - a scroll of vulnerability {unknown}
 h - a scroll of immolation {unknown}
 i - a scroll of acquirement {unknown}


   Skills:
 + Level 2.5 Fighting
 * Level 3.0 Long Blades
 + Level 1.0 Throwing
 + Level 1.6 Armour
 + Level 2.2 Dodging
 + Level 2.2 Spellcasting
 * Level 3.8 Translocations


You had 3 spell levels left.
You knew the following spells:

 Your Spells              Type           Power      Damage    Failure   Level
a - Blink                 Tloc           22%        N/A       8%          2

Your spell library contained the following spells:

 Spells                   Type           Power      Damage    Failure   Level
 Gell's Gravitas          Tloc           5%         N/A       16%         3
 Lesser Beckoning         Tloc           11%        N/A       16%         3
 Teleport Other           Tloc           11%        N/A       16%         3
 Manifold Assault         Tloc           11%        N/A       82%         5


Dungeon Overview and Level Annotations

Branches:
Dungeon (1/15)

Altars:


Innate Abilities, Weirdness & Mutations

You are a tree.
Your roots penetrate the ground, keeping you stationary.
You cannot be teleported.
You are immune to unholy pain and torment.
Your maximum health is greatly increased.
Your equipment is partially melded.
((You are amphibious.))
((You cover ground slowly.))
((You can hop short distances.))
You have an extended range of vision and can be seen from far away.


Message History

The kobold hits you with a +1 whip of venom.
You are lethally poisoned!
You aren't carrying any items that you can evoke.
Hop to where?
Press: ? - help, Dir - move target Boing!
You feel very sick.
Throw: 10 darts (poison)
Press: ? - help, Q - select action, (/) - cycle Shift-Dir - straight line, f - kobold
Aim: a kobold, wielding a +1 whip of venom (47% to hit)
You throw a poisoned dart.
The poisoned dart barely misses the rat.
The poisoned dart completely misses the kobold.
You feel very sick. The rat bites you.
Throw: 9 darts (poison)
Press: ? - help, Q - select action, (/) - cycle Shift-Dir - straight line, f/p - kobold
Aim: a kobold, wielding a +1 whip of venom (47% to hit)
You throw a poisoned dart.
The poisoned dart barely misses the kobold.
You feel sick. The rat bites you but does no damage.
Throw: 8 darts (poison)
Press: ? - help, Q - select action, (/) - cycle Shift-Dir - straight line, f/p - kobold
Aim: a kobold, wielding a +1 whip of venom (47% to hit)
You throw a poisoned dart. The poisoned dart hits the kobold.
The kobold is poisoned.
* * * LOW HITPOINT WARNING * * *
You feel sick. The rat closely misses you.
The kobold hits you with a +1 whip of venom.
* * * LOW HITPOINT WARNING * * *
You are more poisoned.
It was a potion of lignification.
You turn into a tree.
Your +0 leather armour melds into your body.
Your roots penetrate the ground.
* * * LOW HITPOINT WARNING * * *
You feel very sick. The rat bites you but does no damage.
The kobold hits you but does no damage.
You are more poisoned.
You closely miss the kobold.
You die...

#.##..# #.# ##+## #.# # #.##.## #
##...## #.# # #.##.## .###.....##
##.# #.##..###.##.......## ##..#
#.........#.........####...######
###.......+...(.....+............
##...####.........####...######
#..## #.......# ##..# #.##
#...♣.# ##.# #.# ##.Kr## #.##
####.# ##(## #.†# #....# #(# ##>#
#....######## #.# #.#
#...##......###.## #.#
##.###.####.##...## #.# #.# #.#
#.#.....# #.# #.###.####.##.#.##
#.#


You could see a kobold (poisoned) and a rat.

Vanquished Creatures
  4 endoplasms (D:1)
  A hobgoblin (D:1)
  3 jackals (D:1)
  A quokka (D:1)
  2 goblins (D:1)
  4 kobolds (D:1)
  A rat (D:1)
16 creatures vanquished.

Notes
Turn   | Place    | Note
-------+----------+-------------------------------------------
     0 | D:1      | lawman0 the Barachi Warper began the quest for the Orb.
     0 | D:1      | Reached XP level 1. HP: 17/17 MP: 3/3
   909 | D:1      | Reached XP level 2. HP: 21/23 MP: 5/5
   912 | D:1      | Learned a level 2 spell: Blink
  1772 | D:1      | Succumbed to a kobold's poison

Illustrated notes

Levels and vault maps discovered:
D:1:      sevenhm_arrival_forest_fort_small_3, layout_loops_corners,
          chequers_serial_rivers_small_b

Skill      XL: |  1  2 |
---------------+-------+-----
Long Blades    | 3 |  3.0
Fighting       | |  2.5
Throwing       | |  1.0
Armour         | |  1.6
Dodging        | |  2.2
Spellcasting   | |  2.2
Translocations | |  3.8

Action                   || total
-------------------------++-------
Melee: Falchion          ||    58
Throw: Dart              ||    23
 Abil: Hop               ||     1
  Use: Potion            ||     2
Armor: Leather armour    ||    12
       Skin              ||     2
Dodge: Dodged            ||    31

Table legend: (Time is in decaauts)
 A = Elapsed time spent in this place.
 B = Non-inter-level travel time spent in this place.
 C = Inter-level travel time spent in this place.
 D = Time resting spent in this place.
 E = Time spent auto-exploring this place.
 F = Levels seen in this place.
 G = Mean time per level.
                   A        B        C        D        E       F      G
               +--------+--------+--------+--------+--------+-----+--------+
         Total |   1924 |   1924 |      0 |    248 |   1520 |   1 | 1924.0 |
       Dungeon |   1924 |   1924 |      0 |    248 |   1520 |   1 | 1924.0 |
               +--------+--------+--------+--------+--------+-----+--------+

Top non-repeatable levels by time:
     D:1: 1924 daAuts
